[Event "Romanian Superliga 2024"]
[Site "Mamaia"]
[Date "2024.10.01"]
[Round "4.3"]
[White "Soltanici, Ruslan"]
[Black "Tamas, Christian-Arrydan"]
[Result "1/2-1/2"]
[ECO "B12"]
[WhiteElo "2316"]
[BlackElo "2137"]
[Annotator "RC"]
[PlyCount "70"]
[EventDate "2024.09.26"]
[EventType "team-tourn"]
[EventCountry "ROU"]
[SourceTitle "playchess.com"]
[Source "ChessBase"]
[SourceQuality "1"]
[TimeControl "40/5400+30:1800+30"]

1. e4 c6 2. d4 d5 3. e5 c5 4. dxc5 e6 5. c3 Bxc5 6. Qg4 Ne7 7. b4 h5 8. Qh4 Bb6 9. Nf3 a5 10. b5 Qc7 11. Bd3 Nd7 12. O-O Nxe5 13. Nxe5 Qxe5 14. Bf4 Nf5 15. Qg5 Qf6 16. Qxf6 gxf6 17. Bxf5 exf5 18. Be3 Bxe3 19. Re1 f4 20. Nd2 Bd7 21. fxe3 Bxb5 22. Rab1 Bc6 23. exf4+ Kd7 24. Nb3 Rhe8 25. Kf2 b6 26. Nd4 Kc7 27. g3 Bd7 28. Red1 Rad8 29. Rb2 Ba4 30. Rdb1 Rd6 31. Nf5 Rc6 32. Nd4 Rd6 33. Nf5 Rc6 34. Nd4 Rd6 35. Nf5 Rc6 1/2-1/2

[Event "Romanian Superliga 2024"]
[Site "Mamaia"]
[Date "2024.10.01"]
[Round "4.4"]
[White "Dodoi, Matei-Teodor"]
[Black "Cosma, Ioan"]
[Result "0-1"]
[ECO "D39"]
[WhiteElo "2091"]
[BlackElo "2295"]
[Annotator "RC"]
[PlyCount "92"]
[EventDate "2024.09.26"]
[EventType "team-tourn"]
[EventCountry "ROU"]
[SourceTitle "playchess.com"]
[Source "ChessBase"]
[SourceQuality "1"]
[TimeControl "40/5400+30:1800+30"]

1. d4 Nf6 2. c4 e6 3. Nf3 d5 4. Nc3 dxc4 5. e4 Bb4 6. Bg5 h6 7. Bxf6 Qxf6 8. Qa4+ Nc6 9. Bxc4 Bd7 10. Qd1 Na5 11. Bd3 c5 12. a3 Bxc3+ 13. bxc3 cxd4 14. cxd4 Nc6 15. Bb1 g5 16. h3 h5 17. e5 Qg7 18. Ra2 O-O-O 19. Rd2 g4 20. Nh4 Ne7 21. Be4 Bc6 22. Qc2 Kb8 23. Bxc6 Nxc6 24. Qe4 Qg5 25. g3 Qxd2+ 26. Kxd2 Rxd4+ 27. Qxd4 Nxd4 28. hxg4 hxg4 29. a4 Nf3+ 30. Ke3 Nxe5 31. Rd1 Kc7 32. Ng2 f5 33. Nf4 Re8 34. Rc1+ Nc6 35. Nd3 Kd6 36. Rb1 b6 37. Rd1 Ne7 38. Kd4 Rc8 39. Rd2 Nd5 40. Re2 Nc3 41. Rd2 Nxa4 42. Ne5 Nc5 43. Nc4+ Ke7 44. Rc2 Nb3+ 45. Ke5 Rc5+ 46. Kf4 Nd4 0-1

[Event "Romanian Superliga 2024"]
[Site "Mamaia"]
[Date "2024.10.01"]
[Round "4.5"]
[White "Itkis, Boris"]
[Black "Costache, Andrei Eugeniu"]
[Result "1/2-1/2"]
[ECO "E52"]
[WhiteElo "2279"]
[BlackElo "1977"]
[Annotator "RC"]
[PlyCount "64"]
[EventDate "2024.09.26"]
[EventType "team-tourn"]
[EventCountry "ROU"]
[SourceTitle "playchess.com"]
[Source "ChessBase"]
[SourceQuality "1"]
[TimeControl "40/5400+30:1800+30"]

1. d4 Nf6 2. c4 e6 3. Nf3 d5 4. Nc3 Bb4 5. e3 O-O 6. Bd3 b6 7. O-O Bb7 8. a3 Be7 9. cxd5 exd5 10. Ne5 c5 11. f4 Nc6 12. Qf3 cxd4 13. Nxc6 Bxc6 14. exd4 Ne4 15. f5 Bf6 16. Be3 Re8 17. Rfe1 Qd6 18. Kh1 Re7 19. Bxe4 dxe4 20. Qf2 Rd8 21. Red1 Bd5 22. Nxd5 Qxd5 23. g4 Rc7 24. g5 Be7 25. Rac1 Rdc8 26. Rxc7 Rxc7 27. f6 Bd6 28. fxg7 Qb3 29. Rd2 Qe6 30. Rd1 Qb3 31. Rd2 Qe6 32. Rd1 Qb3 1/2-1/2

[Event "Romanian Superliga 2024"]
[Site "Mamaia"]
[Date "2024.10.01"]
[Round "4.6"]
[White "Codru, Raul Cristian"]
[Black "Negrean, Andrei"]
[Result "0-1"]
[ECO "E39"]
[WhiteElo "1786"]
[BlackElo "2267"]
[Annotator "RC"]
[PlyCount "112"]
[EventDate "2024.09.26"]
[EventType "team-tourn"]
[EventCountry "ROU"]
[SourceTitle "playchess.com"]
[Source "ChessBase"]
[SourceQuality "1"]
[TimeControl "40/5400+30:1800+30"]

1. d4 Nf6 2. c4 e6 3. Nc3 Bb4 4. Qc2 c5 5. dxc5 O-O 6. a3 Bxc5 7. b4 Be7 8. Bb2 a5 9. b5 d6 10. Nf3 b6 11. e4 Bb7 12. Be2 Nbd7 13. O-O Rc8 14. Rfd1 Rc7 15. Rac1 Qa8 16. Nd2 Rfc8 17. Qb1 h6 18. f3 Nc5 19. Kh1 Nh5 20. a4 Bf6 21. Qc2 Nf4 22. Bf1 h5 23. Nb3 Nxb3 24. Qxb3 Be5 25. Ne2 Nxe2 26. Bxe2 Bf4 27. Rc2 d5 28. exd5 exd5 29. Bc1 dxc4 30. Rxc4 Bxc1 31. Rdxc1 Bd5 32. Rxc7 Rxc7 33. Qe3 Rxc1+ 34. Qxc1 Qe8 35. Qd1 Qe6 36. h3 Bb3 37. Qd8+ Kh7 38. Bd3+ g6 39. Qg5 Bxa4 40. Qxh5+ Kg7 41. Qg5 Bb3 42. Qd2 Qf6 43. Qc1 Qd4 44. Be4 Qd1+ 45. Qxd1 Bxd1 46. Kg1 a4 47. Kf2 Bb3 48. Bb1 a3 49. Ke3 a2 50. Bxa2 Bxa2 51. Kd4 Kf6 52. h4 Be6 53. g4 Bd7 54. Kc4 Ke5 55. h5 gxh5 56. gxh5 Kf6 0-1

[Event "Romanian Superliga 2024"]
[Site "Mamaia"]
[Date "2024.10.01"]
[Round "4.7"]
[White "Petkov, Momchil"]
[Black "Mendonca, Leon Luke"]
[Result "1/2-1/2"]
[ECO "C02"]
[WhiteElo "2540"]
[BlackElo "2622"]
[Annotator "TA"]
[PlyCount "130"]
[EventDate "2024.09.26"]
[EventType "team-tourn"]
[EventCountry "ROU"]
[SourceTitle "playchess.com"]
[Source "ChessBase"]
[SourceQuality "1"]
[TimeControl "40/5400+30:1800+30"]

1. e4 e6 2. d4 d5 3. e5 c5 4. c3 Nc6 5. Nf3 Qb6 6. Bd3 cxd4 7. O-O {[%emt 0:00:16] is cutting edge theory. C02: French: Advance Variation.} Bd7 8. Re1 Nge7 9. h4 h6 10. h5 a6 11. Nbd2 Qc7 12. Nb3 dxc3 13. bxc3 Nc8 14. Qd2 $146 ({Predecessor:} 14. a4 Nb6 15. Be3 Nc4 16. Bxc4 dxc4 17. Nc5 Rd8 18. Rb1 Bc8 19. Qe2 Nxe5 20. Nxa6 {1-0 Adhiban,B (2633)-Budisavljevic,L (2509) Menorca op 1st 2022 (6)}) 14... Nb6 15. Qf4 Rc8 16. Rb1 Nd8 17. Be3 Nc4 18. Bd4 Bb5 19. Qg3 Na3 20. Bxb5+ axb5 21. Rbd1 Ra8 22. Rd2 Nc4 23. Rde2 b6 24. Nh4 Rg8 25. f4 Be7 26. Nf3 g6 27. hxg6 fxg6 28. Qh3 h5 29. Bf2 Qd7 30. Nfd4 Bc5 31. Bh4 Be7 32. Bf6 Ra7 33. Kh1 Rf8 $2 (33... b4 {might work better.} 34. f5 gxf5) 34. Qh4 (34. f5 $142) 34... Nf7 $2 (34... Rg8 35. f5 exf5 (35... gxf5 $2 36. Nxf5 exf5 37. Qxh5+ Kf8 38. Nd4 $18)) 35. Qg3 $18 (35. Bxe7 Qxe7 36. Qxe7+ Rxe7 $11) 35... Rg8 36. f5 h4 37. Qxh4 $2 ({Not} 37. Qg4 Nh6 (37... Bxf6 $2 38. fxe6 Qd8 39. exf7+ Kxf7 40. exf6 $18) 38. Qxh4 (38. Qg5 Nxf5 39. Nxf5 exf5 $14) 38... Nxf5 $16) (37. Qf3 $18 gxf5 (37... exf5 $2 38. e6 $18) 38. Nxe6 Qxe6 39. Nd4 Ncxe5 40. Bxe5 (40. Nxe6 Nxf3 41. Ng7+ Rxg7 $16)) 37... gxf5 $2 (37... Rh8 $1 $11 {and Black has nothing to worry.} 38. Qxh8+ Nxh8 39. fxe6 Qc8 40. Nxb5 Rb7) 38. Qh7 $18 Kf8 39. Kg1 (39. Nxe6+ $142 Qxe6 40. Nd4) 39... Ng5 $2 (39... Nd8) 40. Qh6+ $2 (40. Bxg5 $18 {Bh6+ would kill now.} Rxg5 41. Rf2) 40... Ke8 $11 41. Bxg5 Bxg5 42. Qxe6+ Qxe6 43. Nxe6 Bh4 (43... Re7 $11 44. Nxg5 Rxg5) 44. Rf1 $14 Re7 45. Nbd4 Bg3 46. Rxf5 Kd7 47. Nf4 Bxf4 48. Rxf4 ({Much worse is} 48. e6+ Rxe6 49. Rxe6 Be3+ 50. Rxe3 Nxe3 $11) 48... Rxe5 49. Rf7+ Ke8 50. Rff2 Rxe2 51. Rxe2+ Kf7 52. Nxb5 Ra8 53. Nc7 Ra5 54. Ne6 Ra3 55. Nf4 Rxc3 56. Nxd5 Ra3 57. Rc2 b5 58. Nc7 Nd6 59. Rd2 Ra7 60. Rxd6 Rxc7 61. Rd2 Ra7 62. Kf2 Ra3 63. Rb2 b4 64. g3 Kg6 65. Kg2 Kg5 1/2-1/2

[Event "Romanian Superliga 2024"]
[Site "Mamaia"]
[Date "2024.10.01"]
[Round "4.8"]
[White "Aryan Chopra"]
[Black "Stoyanov, Tsvetan"]
[Result "1-0"]
[ECO "C42"]
[WhiteElo "2620"]
[BlackElo "2471"]
[Annotator "RC"]
[PlyCount "157"]
[EventDate "2024.09.26"]
[EventType "team-tourn"]
[EventCountry "ROU"]
[SourceTitle "playchess.com"]
[Source "ChessBase"]
[SourceQuality "1"]
[TimeControl "40/5400+30:1800+30"]

1. e4 e5 2. Nf3 Nf6 3. Nxe5 d6 4. Nf3 Nxe4 5. Nc3 Nxc3 6. dxc3 Be7 7. Be3 O-O 8. Qd2 Nd7 9. O-O-O Re8 10. Bd3 Nf6 11. Rhe1 Bg4 12. Kb1 Qd7 13. Qe2 Bf8 14. h3 Bf5 15. Bxf5 Qxf5 16. g4 Qe4 17. c4 g6 18. Nd4 b6 19. Nb5 Qc6 20. Qd3 a6 21. Nc3 Bg7 22. Bd4 Rxe1 23. Rxe1 Re8 24. Rxe8+ Qxe8 25. a3 Qe1+ 26. Ka2 Ne8 27. Nd5 Bxd4 28. Qxd4 Qe2 29. c3 h6 30. h4 b5 31. cxb5 axb5 32. g5 hxg5 33. hxg5 c6 34. Qe3 Qc4+ 35. b3 Qxd5 36. Qxe8+ Kh7 37. Qe3 Qd1 38. Kb2 d5 39. Qf4 Qe2+ 40. Kc1 Qe1+ 41. Kc2 Qe2+ 42. Qd2 Qe4+ 43. Kb2 Kg8 44. Qe3 Qg4 45. Qe8+ Kg7 46. Qe5+ Kg8 47. Kc2 Qf3 48. Qe8+ Kh7 49. Qe3 Qf5+ 50. Kc1 Qg4 51. Kd2 Qf5 52. a4 Qb1 53. axb5 Qb2+ 54. Ke1 cxb5 55. b4 Qc2 56. f3 Kg8 57. Kf1 Kh7 58. Ke1 Kg8 59. Qd2 Qf5 60. Kf2 Qe5 61. Qe3 Qh2+ 62. Kf1 Qc2 63. Qe8+ Kg7 64. Qe5+ Kg8 65. Qxd5 Qxc3 66. Qxb5 Qxf3+ 67. Ke1 Qe3+ 68. Kd1 Kf8 69. Qd5 Ke7 70. Kc2 Qb6 71. Qe5+ Kd7 72. b5 Qf2+ 73. Kc3 Qf3+ 74. Kb4 Qd3 75. Kc5 Qc2+ 76. Kb6 Qf2+ 77. Qc5 Qf4 78. Qc6+ Kd8 79. Qf6+ 1-0

[Event "Romanian Superliga 2024"]
[Site "Mamaia"]
[Date "2024.10.01"]
[Round "4.9"]
[White "Ghimpu, Samuel-Timotei"]
[Black "Nisipeanu, Liviu-Dieter"]
[Result "1/2-1/2"]
[ECO "C49"]
[WhiteElo "2456"]
[BlackElo "2580"]
[Annotator "TA"]
[PlyCount "36"]
[EventDate "2024.09.26"]
[EventType "team-tourn"]
[EventCountry "ROU"]
[SourceTitle "playchess.com"]
[Source "ChessBase"]
[SourceQuality "1"]
[TimeControl "40/5400+30:1800+30"]

1. e4 e5 2. Nf3 Nc6 3. Nc3 Nf6 4. Bb5 Bb4 5. O-O O-O 6. Bxc6 dxc6 7. d3 Re8 8. Ne2 Bd6 9. a4 c5 10. b3 Nd7 11. Nd2 Nb8 12. Nc4 Nc6 13. h3 f5 14. exf5 Bxf5 15. Ng3 {[%emt 0:04:30] A dynamic duo of knights.} Bg6 16. Nxd6 ({White should play} 16. Qg4 $14) 16... cxd6 $11 {[%emt 0:02:24] The position is equal.} 17. f4 exf4 18. Bxf4 d5 {[%emt 0:05:44] Weighted Error Value: White=0.11 (very precise) /Black=0.08 (flawless) .  Mistake:       	White=1     	---        Inaccurate:     	---       	Black=1      OK:         	White=4     	Black=3} 1/2-1/2

[Event "Romanian Superliga 2024"]
[Site "Mamaia"]
[Date "2024.10.01"]
[Round "4.10"]
[White "Nanu, Costica-Ciprian"]
[Black "Gheorghiu, Calin"]
[Result "1-0"]
[ECO "D78"]
[WhiteElo "2525"]
[BlackElo "2313"]
[Annotator "TA"]
[PlyCount "75"]
[EventDate "2024.09.26"]
[EventType "team-tourn"]
[EventCountry "ROU"]
[SourceTitle "playchess.com"]
[Source "ChessBase"]
[SourceQuality "1"]
[TimeControl "40/5400+30:1800+30"]

1. Nf3 d5 2. g3 Nf6 3. Bg2 g6 4. c4 c6 5. b3 Bg7 6. Bb2 O-O 7. O-O Re8 8. d4 Nbd7 9. Nbd2 a5 10. a4 Nf8 11. Rc1 Bf5 12. Nh4 Bg4 {[%emt 0:04:55] White is slightly better.} 13. h3 Be6 14. Nhf3 h6 15. Ne5 N8d7 16. Nd3 Bf5 17. cxd5 cxd5 18. Nf4 {[%emt 0:00:30][%cal Og3g4] next g4! is good for White.} g5 (18... h5 $11) 19. Nxd5 $16 Nxd5 20. Bxd5 {[%emt 0:07:05] aiming for g4.} Bxh3 21. Re1 Rb8 (21... e5 $142) 22. Nc4 {[%emt 0:01:38] White is more active.} (22. e4 $142) 22... Nb6 23. Bf3 Nxc4 24. bxc4 e5 25. dxe5 (25. d5 $16) 25... Qc7 (25... Qxd1 $14 26. Rexd1 Bxe5) 26. Bd5 Bxe5 27. Bxe5 Qxe5 28. Qd3 Qf6 {[%emt 0:03:02] Inhibits Qg6+.} 29. Qc3 (29. e4 $16) 29... Re5 $2 {[%emt 0:01:46] [#] This costs Black the game.} (29... Qxc3 $11 30. Rxc3 Bd7) 30. Qxa5 Rbe8 31. Qc3 h5 (31... Kg7 $142 32. Bxb7 Rxe2 33. Qxf6+ Kxf6 34. Rxe2 Rxe2) 32. Rb1 b6 33. Qd4 Qf5 $2 (33... R5e6 34. Qd2 Re5) 34. Rxb6 $18 {[%emt 0:02:01] White is clearly winning.} Bg4 35. Rb7 R5e7 36. Rxe7 Rxe7 37. e4 Bf3 {[%emt 0:01:49] [#] ( -> ...Qh3)} 38. Rb1 {[%emt 0:00:24] Weighted Error Value: White=0.20 (precise) /Black=0.56.  Loses game:     	---       	Black=1      Mistake:       	White=3     	Black=5      Inaccurate:     	White=1     	Black=2      OK:         	White=6     	Black=2      Best:        	White=1     	Black=2} (38. exf5 $2 {leads to mate.} Rxe1+ 39. Kh2 Rh1#) 1-0

[Event "Romanian Superliga 2024"]
[Site "Mamaia"]
[Date "2024.10.01"]
[Round "4.11"]
[White "Coca, Cristi-Iulian"]
[Black "Ilinca, Felix-Antonio"]
[Result "0-1"]
[ECO "B22"]
[WhiteElo "2233"]
[BlackElo "2417"]
[Annotator "TA"]
[PlyCount "140"]
[EventDate "2024.09.26"]
[EventType "team-tourn"]
[EventCountry "ROU"]
[SourceTitle "playchess.com"]
[Source "ChessBase"]
[SourceQuality "1"]
[TimeControl "40/5400+30:1800+30"]

1. e4 {[%emt 0:00:03][%cal Be2e4,Be4e5][%mdl 32] EV=13.53} c5 2. c3 Nf6 3. e5 Nd5 4. Nf3 d6 5. exd6 e6 6. g3 Bxd6 7. Bg2 O-O $1 {[%emt 0:01:19] De hoofdvariant 7...0-0 scoort beter dan 7...Nc6.} 8. O-O Nc6 9. d4 Qc7 {[%emt 0:02:55] B22: Siciliaans: 2 c3.} (9... cxd4 $11 10. c4 Nf6 11. Nxd4 Nxd4 12. Qxd4 e5) 10. Na3 {[%emt 0:15:18] Fout (0.6)} (10. c4 $1 $14 Nf6 11. Bg5) 10... a6 $11 {[%emt 0:02:13] OK} 11. Nc4 {[%emt 0:01:34] Sterke dreiging met Nxd6. OK} b5 {[%emt 0:08:59] Onnauwkeurig. De stelling is in evenwicht.} 12. Nxd6 {[%emt 0:01:07] OK} Qxd6 13. a4 $146 ({Predecessor:} 13. dxc5 Qxc5 14. Ng5 Bb7 15. Qc2 Nf6 16. Be3 Qe7 17. Rfd1 Rfd8 18. Ne4 Nxe4 19. Bxe4 {1-0 Chernyuk,M (2292)-Soloviov,V (1878) Urals-ch 72nd 2014 (1)}) 13... Bb7 {[%emt 0:03:48] Beste (Gemakkelijk)} 14. dxc5 {[%emt 0:01:30] OK} Qxc5 {[%emt 0:02:19] Onnauwkeurig} 15. Qe2 {[%emt 0:00:44] Fout (0.8)} (15. Ng5 $16) 15... h6 {[%emt 0:05:33] Onnauwkeurig} 16. Nd2 {[%emt 0:05:35][%cal Bf3d2,Bd2b3,Bb3d4][%mdl 32] EV=15.93} Rfd8 17. Nb3 {[%emt 0:05:16] Ontwijkt Na5} Qb6 {[%emt 0:08:09] [#] Fout (0.5)} (17... Qc4 $14 18. Qxc4 bxc4) 18. Rd1 {[%emt 0:10:01] Fout (1.0)} (18. Be3 $1 $16 Qc7 (18... Nxe3 19. Qxe3 Qxe3 20. fxe3 $14) 19. Nc5 (19. axb5 axb5 20. Nc5 Nxe3 $16)) 18... Nce7 {[%emt 0:07:07] Onnauwkeurig} 19. axb5 {[%emt 0:05:42] OK} axb5 20. Rxa8 {[%emt 0:00:16] OK} Rxa8 21. Nd4 {[%emt 0:02:03] OK} {Zwart zou moeten proberen} Ba6 {[%emt 0:02:14] Fout (0.6)} (21... Nc7 $11) 22. Be3 {[%emt 0:12:07] Onnauwkeurig} b4 {Wit zou moeten spelen} 23. Qe1 {[%emt 0:02:31] Fout (0.8)} (23. c4 $14 Nxe3 24. Qxe3) 23... Nxe3 $15 {[%emt 0:06:18] OK} 24. Qxe3 Rd8 {[%emt 0:02:24] Onnauwkeurig} 25. Ra1 {[%emt 0:03:58][%cal Od4c6] [#] Dreigt te winnen met Nc6! OK} bxc3 {[%emt 0:01:57] OK} 26. bxc3 {[%emt 0:00:11][%cal Od4f5] En nu zou Nf5! winnen.} Qd6 {[%emt 0:03:22] OK} 27. Be4 Bc4 {[%emt 0:01:49] OK} 28. Bc2 {[%emt 0:09:26] blijft gelijk. Fout (0.6)} (28. Nc2 $11) 28... Nd5 {[%emt 0:02:03] Fout (0.5)} (28... Bd5 $17) 29. Qf3 {[%emt 0:00:14] Fout (0.6)} (29. Qe4 $15 g6 (29... Nxc3 30. Qh7+ Kf8 31. Ra7 $16) 30. Nxe6) 29... Qb6 ({Ga niet voor} 29... Nxc3 $2 30. Qxc3 Bd5 (30... Qxd4 $2 {verliest.} 31. Qxd4 Bd5 32. Qd3 $18) 31. Rd1 $18) 30. Rb1 {[%emt 0:02:00] Tegen Qb2. OK} Qa6 31. h4 {[%emt 0:01:51] OK} Qa2 {[%emt 0:05:39] Onnauwkeurig} 32. Qe4 Nf6 {[%emt 0:00:43] Afleidend Qh7+. Actief tegenspel! OK} ({Sterker dan} 32... Nxc3 33. Qh7+ Kf8 34. Qh8+ Ke7 35. Nc6+ (35. Qxg7 Nxb1 36. Nc6+ Kd7 $17) 35... Kd6 36. Qxd8+ Kc5 37. Qd4+ (37. Qb6+ Kd6) 37... Kxc6 38. Rb6+ (38. Qxc3 g5 $18) 38... Kc7 39. Qd6+ Kc8 40. Rb8#) 33. Qf4 Bd5 {[%emt 0:00:42] Onnauwkeurig} 34. Rb8 Qa1+ 35. Bb1 {[%emt 0:00:06] Beste (Gemakkelijk)} Re8 {[%emt 0:01:56] OK} {Wit zou moeten proberen} 36. Kh2 {[%emt 0:02:42] Fout (1.0)} (36. Rxe8+ $15 Nxe8 37. Qb8) 36... Qxc3 $40 {[%emt 0:02:44][%mdl 128] Zwart is uit op bloed. Beste (Gemakkelijk)} 37. Rxe8+ Nxe8 {[%emt 0:00:05] Onnauwkeurig} 38. Be4 {[%emt 0:00:29] Beste} Bxe4 {[%emt 0:01:09] OK} ({Zwakker is} 38... Qxd4 39. Bh7+ Kxh7 40. Qxd4 $18) 39. Qxe4 {[%emt 0:00:02][%mdl 4096] Eindspel. KQN-KQN} Nf6 {[%emt 0:00:06] OK} 40. Qa8+ {[%emt 0:00:00] OK} Kh7 {[%emt 0:00:00] Beste (Gemakkelijk)} 41. Ne2 Qd3 {[%emt 0:06:10] OK} 42. Qa2 {[%emt 0:07:41] Kan een voordeligere keuze zijn. Fout (1.5)} (42. Nf4 $17 Qf5 43. Qa3) 42... Qf3 {[%emt 0:06:43] Fout (1.3)} (42... Ne4 $142 43. Nf4 Qf1) 43. Qc2+ $2 {[%emt 0:01:59] Is een meer strategische zet. Fout (1.6)} (43. Nf4) 43... Ne4 $19 {[%emt 0:00:41] Beste (Gemakkelijk)} 44. Nc3 {[%emt 0:03:16][%cal Rc3e4] Onnauwkeurig} Qxf2+ {[%emt 0:01:11] Beste (Gemakkelijk)} ({Minder sterk is} 44... Qxc3 45. Qxe4+ g6 46. h5 $15) 45. Qxf2 Nxf2 {[%emt 0:00:07] KN-KN} 46. Kg2 {[%emt 0:00:03] OK} Ng4 {[%emt 0:00:35] OK} 47. Ne4 h5 48. Ng5+ Kg6 {[%emt 0:00:07] OK} 49. Kf3 Kf5 {[%emt 0:00:42] OK} 50. Kg2 {[%emt 0:01:20] Fout (2.2)} (50. Ne4 $142) 50... f6 {[%emt 0:00:14] Beste} 51. Nf7 e5 {[%emt 0:00:11] ...Ke4 is de sterke dreiging.} 52. Nd6+ Ke6 53. Ne8 g6 {[%emt 0:00:21] Hoopt vervolgens op ...Kd7. OK} 54. Nc7+ Kd6 55. Nb5+ Kd5 56. Nc7+ Ke4 {[%emt 0:01:10] ...Kd3 zou dodelijk zijn.} 57. Ne6 Kd3 58. Nf8 e4 59. Nxg6 e3 60. Nf4+ Kd2 {[%emt 0:00:05] ( -> ...e2)} 61. Kf3 Nh2+ (61... f5 $142 62. Ng2 e2) 62. Kg2 e2 {[%emt 0:00:15] Zwart zet mat.} 63. Nxe2 Kxe2 64. Kxh2 {[%emt 0:00:08] KPP-KPP} Kf3 65. Kh3 f5 66. Kh2 Kf2 67. Kh1 Kxg3 68. Kg1 Kxh4 69. Kg2 Kg4 70. Kh2 Kf3 {[%emt 0:00:06] Blunder waarde: Wit=0.52/Zwart=0.19 (erg precies) .  Fout:        	Wit=10     	Zwart=4      Onnauwkeurig:    	Wit=2      	Zwart=8      OK:         	Wit=11     	Zwart=14     Beste:        	Wit=2      	Zwart=6} 0-1

[Event "Romanian Superliga 2024"]
[Site "Mamaia"]
[Date "2024.10.01"]
[Round "4.12"]
[White "Magold, Filip"]
[Black "Dobre, Claudiu-Cristian"]
[Result "1-0"]
[ECO "D46"]
[WhiteElo "2406"]
[BlackElo "2294"]
[Annotator "RC"]
[PlyCount "73"]
[EventDate "2024.09.26"]
[EventType "team-tourn"]
[EventCountry "ROU"]
[SourceTitle "playchess.com"]
[Source "ChessBase"]
[SourceQuality "1"]
[TimeControl "40/5400+30:1800+30"]

1. d4 d5 2. c4 c6 3. Nc3 Nf6 4. Nf3 e6 5. e3 Nbd7 6. Qc2 Bd6 7. Bd3 O-O 8. O-O dxc4 9. Bxc4 b5 10. Be2 Bb7 11. e4 e5 12. dxe5 Nxe5 13. Nh4 b4 14. Nf5 bxc3 15. Rd1 Ne8 16. Qxc3 Qf6 17. f4 Bc7 18. fxe5 Qxe5 19. Qxe5 Bxe5 20. Be3 Nf6 21. Bf3 a5 22. g4 h6 23. h4 Rfd8 24. g5 hxg5 25. Ne7+ Kh7 26. hxg5 Ng8 27. g6+ fxg6 28. Nxg8 Kxg8 29. Bg4 Re8 30. Bd7 Red8 31. Bb6 Rf8 32. Be6+ Kh7 33. Kg2 Kh6 34. Bc5 Rf6 35. Be7 g5 36. Bxf6 gxf6 37. Rd7 1-0

[Event "Romanian Superliga 2024"]
[Site "Mamaia"]
[Date "2024.10.01"]
[Round "4.13"]
[White "Shevchenko, Kirill"]
[Black "Lashkin, Jegor"]
[Result "1-0"]
[ECO "B90"]
[WhiteElo "2673"]
[BlackElo "2472"]
[Annotator "TA"]
[PlyCount "81"]
[EventDate "2024.09.26"]
[EventType "team-tourn"]
[EventCountry "ROU"]
[SourceTitle "playchess.com"]
[Source "ChessBase"]
[SourceQuality "1"]
[TimeControl "40/5400+30:1800+30"]

1. e4 c5 2. Nf3 d6 3. d4 cxd4 4. Nxd4 Nf6 5. Nc3 a6 6. Be3 e5 7. Nb3 Be6 8. f3 h5 9. Be2 Nbd7 10. f4 Rc8 (10... g6 $11) 11. f5 $14 {[%emt 0:01:47] White is slightly better.} Bc4 12. Bxc4 Rxc4 13. Qd3 Rc8 14. O-O-O Qc7 15. Kb1 Be7 16. h3 Qc4 17. Rhe1 b5 18. a3 h4 19. Bf2 Qxd3 20. cxd3 Bd8 21. d4 Bb6 22. Re2 Rh6 23. a4 exd4 24. Nxd4 bxa4 25. Nxa4 Ba7 26. Nc3 Bc5 27. Be3 Rh5 28. Bf4 Ne5 29. Bxe5 dxe5 30. Nf3 Nd7 31. Nd5 Be7 32. Red2 {[%emt 0:02:22] Black must now prevent Nxe7.} Bd8 {[%emt 0:00:26] [#]} 33. Nf4 exf4 34. Rxd7 {[%emt 0:00:01] Threatens to win with Ne5.} Rh6 35. Ne5 {[%emt 0:01:36] White has more active pieces.} Rb6 $1 36. Nxf7 Be7 37. Ne5 $36 {[%emt 0:00:19][%mdl 2048] [#] And now Ng6 would win. Black is under pressure.} Rb4 $2 {[%emt 0:02:10] This move loses the game for Black.} ({Black should play} 37... Bf6 $14 38. R7d5 Rb4) 38. R1d4 $18 Rb3 (38... Rb5 $142 39. Ng6 Bf6) 39. Nd3 a5 40. R7d5 (40. Nxf4 Bf6 41. Rd2 Bc3 $11) 40... Rcc3 $2 (40... Ra8 41. Ra4 (41. Nxf4 a4 $16) 41... Rab8) 41. Ka2 {[%emt 0:04:02] Weighted Error Value: White=0.11 (very precise) /Black=0.25 (precise) .  Loses game:     	---       	Black=1      Mistake:       	White=1     	Black=3      Inaccurate:     	---       	Black=2      OK:         	White=15    	Black=7      Best:        	White=1     	Black=1      Strong:       	---       	Black=1} 1-0